 Dungeon Crawl Stone Soup version 0.23.0 (webtiles) character file.

Game seed: 7485490999975000644

677 wrhowe the Shooter (level 7, 0/36 HPs)
             Began as a Vine Stalker Hunter on Feb 15, 2019.
             Shot with an arrow by a centaur (6 damage)
             ... on level 5 of the Dungeon.
             The game lasted 00:28:51 (2874 turns).

wrhowe the Shooter (Vine Stalker Hunter)            Turns: 2874, Time: 00:28:52

Health: 0/36       AC:  8    Str: 14    XL:     7   Next: 60%
Magic:  0/8        EV: 10    Int: 11    God:
Gold:   162        SH:  0    Dex: 17    Spells: 6/6 levels left

rFire    . . .     SeeInvis .   a - +2 shortbow
rCold    . . .     Gourm    .   (shield currently unavailable)
rNeg     . . .     Faith    .   s - +2 scale mail {rPois}
rPois    +         Spirit   +   (no helmet)
rElec    .         Reflect  .   (no cloak)
rCorr    .         Harm     .   (no gloves)
MR       .....                  (no boots)
Stlth    +.........             (no amulet)
HPRegen  0.52/turn              (no ring)
MPRegen  0.11/turn              (no ring)

@: no status effects
A: fangs 2, regeneration 1, magic shield, antimagic bite, no potion heal 3, rot
immunity
a: no special abilities


You were on level 5 of the Dungeon.
You were not hungry.

You visited 1 branch of the dungeon, and saw 5 of its levels.

You collected 162 gold pieces.

Inventory:

Hand Weapons
 a - a +2 shortbow (weapon)
 b - a +0 short sword
 o - a +2 whip of electrocution
Missiles
 d - 10 arrows (quivered)
 p - 8 tomahawks
 q - 18 bolts
 x - 11 poisoned needles
Armour
 c - a +0 leather armour
 s - a +2 scale mail of poison resistance (worn)
Wands
 v - a wand of paralysis (4)
Scrolls
 e - a scroll of remove curse
 j - a scroll of teleportation
 r - a scroll of enchant weapon
 t - 6 scrolls of identify
 w - 3 scrolls of amnesia
 y - a scroll of fog
Potions
 g - 2 potions of flight {unknown}
 h - a potion of berserk rage {unknown}
 i - 2 potions of haste {unknown}
 k - 4 potions of curing
 l - a potion of brilliance {unknown}
 m - a potion of magic {unknown}
 n - a potion of lignification {unknown}
 u - a potion of heal wounds {unknown}
 z - a potion of resistance {unknown}
Comestibles
 f - 2 rations


   Skills:
 + Level 3.2 Fighting
 + Level 6.8 Bows
 + Level 1.7 Armour
 + Level 2.3 Dodging
 * Level 2.8 Stealth


You had 6 spell levels left.
You didn't know any spells.
Your spell library contained the following spells:

 Spells                   Type           Power        Failure   Level  Hunger
 Animate Skeleton         Necr           N/A          83%         1    ##.....
 Apportation              Tloc           #.....       83%         1    ##.....
 Beastly Appendage        Tmut           #.....       83%         1    ##.....
 Confusing Touch          Hex            #.....       83%         1    ##.....
 Summon Small Mammal      Summ           #...         83%         1    ##.....
 Sticks to Snakes         Tmut           #.......     92%         2    ###....
 Spider Form              Tmut/Pois      #.........   99%         3    ####...
 Ice Form                 Ice/Tmut       #.......     100%        4    #####..
 Blade Hands              Tmut           #.........   100%        5    ######.


Dungeon Overview and Level Annotations

Branches:
Dungeon (5/15)
 Temple: D:4-7

Altars:


Innate Abilities, Weirdness & Mutations

You have extremely sharp teeth.
Your natural rate of healing is unusually fast.
When hurt, damage is shared between your health and your magic reserves.
Your bite disrupts and absorbs the magic of your enemies.
Potions cannot restore your health.
You are immune to rotting.


Message History

Aim: a centaur, wielding a +0 shortbow (moderately wounded)
You shoot an arrow.
The arrow hits the centaur but does no damage.
The centaur is moderately wounded.
The centaur shoots an arrow.
The arrow hits you.
* * * LOW HITPOINT WARNING * * *
Firing (i - inventory. (/) - cycle)
d - 11 arrows (quivered)
Press: ? - help, Shift-Dir - straight line, f/p - centaur
Aim: a centaur, wielding a +0 shortbow (moderately wounded)
You shoot an arrow. The arrow barely misses the centaur.
The centaur shoots an arrow.
The arrow hits you but does no damage.
The centaur shoots an arrow.
The arrow hits you.
* * * LOW HITPOINT WARNING * * *
The centaur shoots an arrow.
The arrow barely misses you.
You see here an arrow.
The centaur shoots an arrow.
The arrow hits you.
* * * LOW HITPOINT WARNING * * *
You see here an arrow.
The centaur shoots an arrow.
The arrow hits you!
You die...

##.....##
####.......##
...........#
###.........#
............#
#..........
##########c......((.
#..@.(.(((((((((..#
#.########......|..#
#.# #.........# #.#
#.........# #.#
#.........# ##.#
#.......... #..#
##......... #.##
#......... #.#


You could see a centaur.

Vanquished Creatures
  An ogre (D:4)
  A phantom (D:4)
  A crimson imp (D:5)
  A jelly (D:5)
  2 hounds
  An orc priest (D:3)
  Terence (D:2)
  2 orc wizards (D:3)
  3 iguanas
  A worker ant (D:5)
  7 adders
  2 oozes (D:4)
  4 worms
  3 dart slugs
  4 leopard geckos
  5 orcs
  A giant cockroach (D:3)
  8 goblins
  6 hobgoblins
  4 jackals (D:2)
  7 kobolds
  3 ball pythons
  6 bats
  4 frilled lizards
  A quokka skeleton (D:4)
  9 rats
88 creatures vanquished.

Notes
Turn   | Place    | Note
-------+----------+-------------------------------------------
     0 | D:1      | wrhowe the Vine Stalker Hunter began the quest for the Orb.
     0 | D:1      | Reached XP level 1. HP: 11/11 MP: 2/2
   247 | D:1      | Reached XP level 2. HP: 15/15 MP: 3/3
   293 | D:1      | Reached skill level 4 in Bows
   696 | D:2      | Reached XP level 3. HP: 18/18 MP: 4/4
   957 | D:2      | Noticed Terence
   963 | D:2      | Killed Terence
   963 | D:2      | Reached skill level 1 in Armour
   963 | D:2      | Gained mutation: Your natural rate of healing is unusually
                  | fast. [Vine Stalker growth]
   963 | D:2      | Reached XP level 4. HP: 23/23 MP: 5/5
  1274 | D:3      | Reached XP level 5. HP: 27/27 MP: 6/6
  1295 | D:3      | Reached skill level 5 in Bows
  1646 | D:3      | Reached XP level 6. HP: 32/32 MP: 7/7
  1965 | D:4      | Noticed a phantom
  1993 | D:4      | Killed a phantom
  1993 | D:4      | Reached skill level 6 in Bows
  2255 | D:4      | Reached XP level 7. HP: 36/36 MP: 8/8
  2492 | D:5      | Entered Level 5 of the Dungeon
  2874 | D:5      | Shot with an arrow by a centaur

Skill      XL: |  1  2  3  4  5  6 |
---------------+-------------------+-----
Bows           | 4 5 6 |  6.8
Fighting       | 2 3 |  3.2
Armour         | 1 |  1.7
Dodging        | 2 |  2.3
Stealth        | 2 |  2.8

Action                   |  1- 3 |  4- 6 |  7- 9 || total
-------------------------+-------+-------+-------++-------
Melee: Whip              |       |       |     1 ||     1
 Fire: Shortbow          |    93 |   145 |    61 ||   299
Throw: Tomahawk          |       |       |    11 ||    11
  Use: Scroll            |     3 |     5 |       ||     8
  Eat: Ration            |       |     1 |       ||     1
       Chunk             |       |       |     2 ||     2
Armor: Leather armour    |    11 |     1 |       ||    12
       Scale mail        |       |    32 |    13 ||    45
Dodge: Dodged            |    31 |    35 |    23 ||    89
